 Dungeon Sprint DCSS version 0.26-a0-712-ga5a9c9c9d0 (webtiles) character file.

Game seed: 15040785102415941942

1323 rocky1 the Blocker (level 8, -6/59 HPs)
             Began as a Formicid Fighter on Nov 2, 2020.
             Was a Believer of Qazlal.
             Mangled by a two-headed ogre
             ... wielding a +0 giant club
              (13 damage)
             ... in the Dungeon (Sprint III: "The Ten Rune Challenge").
             The game lasted 00:04:05 (1300 turns).

rocky1 the Blocker (Formicid Fighter)               Turns: 1300, Time: 00:04:05

Health: -6/59      AC:  6    Str: 22    XL:     8   Next: 90%
Magic:  13/13      EV: 10    Int:  9    God:    Qazlal [**....]
Gold:   32         SH: 16    Dex: 10    Spells: 7/7 levels left

rFire    . . .     SeeInvis +   d - +1 long sword (holy)
rCold    . . .     Faith    .   c - +0 kite shield
rNeg     . . .     Spirit   .   b - +0 scale mail
rPois    .         Reflect  .   (helmet unavailable)
rElec    .         Harm     .   (no cloak)
rCorr    .         Rampage  .   (no gloves)
MR       .....                  (no boots)
Stlth    ..........             (no amulet)
HPRegen  0.19/turn              (no ring)
MPRegen  0.13/turn              (no ring)

@: no status effects
A: permanent stasis, dig shafts and tunnels, four strong arms, antennae 3
a: Dig, Upheaval, Renounce Religion


You were in the Dungeon.
You worshipped Qazlal.
Qazlal was pleased with you.
You visited 1 branch You collected 32 gold pieces.

Inventory:

Hand Weapons
 a - a +0 long sword
 d - a +1 long sword of holy wrath (weapon)
Armour
 b - a +0 scale mail (worn)
 c - a +0 kite shield (worn)
Scrolls
 h - 2 scrolls of remove curse {unknown}
 i - a scroll of immolation {unknown}
 j - 4 scrolls of identify
 l - a scroll of holy word {unknown}
Potions
 e - a potion of curing
 f - a potion of heal wounds
 g - 2 potions of magic
 k - 2 potions of flight
 m - 5 potions of mutation


   Skills:
 + Level 3.6 Fighting
 + Level 12.1 Long Blades
 + Level 3.5 Armour
 + Level 0.6 Dodging
 + Level 14.3 Shields
 + Level 7.6 Invocations


You had 7 spell levels left.
You didn't know any spells.
Your spell library contained the following spells:

 Spells                   Type           Power        Failure   Level
 Animate Skeleton         Necr           #.....       71%         1
 Apportation              Tloc           #.....       71%         1
 Corona                   Hex            #......      71%         1
 Summon Small Mammal      Summ           #...         71%         1


Dungeon Overview and Level Annotations

Branches:
Dungeon (1/1)

Altars:
Cheibriados
Dithmenos
Elyvilon
Fedhas
Gozag
Hepliaklqana
Kikubaaqudgha
Makhleb
Nemelex Xobeh
Okawaru
Qazlal
Ru
Sif Muna
Trog
Uskayaw
Vehumet
Wu Jian
Xom
Yredelemnul
Zin
The Shining One
Beogh
Jiyva
Lugonu


Innate Abilities, Weirdness & Mutations

You cannot be hasted, slowed, berserked, paralysed or teleported.
You can dig through walls and to a lower floor.
Your four strong arms can wield two-handed weapons with a shield.
You have a pair of large antennae on your head. (SInv)


Message History

The two-headed ogre closely misses you.
You riposte.
Your scale mail prevents you from hitting the two-headed ogre.
The two-headed ogre is lightly wounded.
The two-headed ogre hits you with a +0 giant club!
You hit the two-headed ogre.
The two-headed ogre is moderately wounded.
You barely miss the two-headed ogre.
The two-headed ogre is moderately wounded.
You block the two-headed ogre's attack. x2
You barely miss the two-headed ogre.
The two-headed ogre is moderately wounded.
You hit the two-headed ogre.
The two-headed ogre is moderately wounded.
The two-headed ogre hits you with a +0 giant club.
The two-headed ogre hits you with a +0 giant club!!
* * * LOW HITPOINT WARNING * * *
You hit the two-headed ogre.
The two-headed ogre is heavily wounded.
The two-headed ogre hits you with a +0 giant club!
You die... .#..###'#'###)## {{{ '#..#..........# {{{{

#...'.⌠........#
#...#[..######'#
....#.⌠.#__#...# #
....#...#__#...# #.#
....#[###__#...## ..
....#...#__#...'##.#
....#___#__'...#@OO#
▓▓▓▓▓▓▓▓▓▓▓▓▓▓▓▓▓▓▓▓
{ { { {{ { {{


You could see 2 two-headed ogres.

Vanquished Creatures
  A deep elf mage (D)
  A shadow (D)
  A spatial vortex (D)
  A necrophage (D)
  A two-headed ogre (D)
  A water elemental (D)
  A jelly (D)
  A wizard (D)
  Jessica (D)
  A necromancer (D)
  3 humans (D)
  A kobold demonologist (D)
  An ooze (D)
  A phantom (D)
  2 rats (D)
18 creatures vanquished.

Vanquished Creatures (others)
  A hydra (D)
  5 plants (D)
6 creatures vanquished.

Grand Total: 24 creatures vanquished

Notes
Turn   | Place    | Note
-------+----------+-------------------------------------------
     0 | D        | rocky1 the Formicid Fighter began the quest for the Orb.
     0 | D        | Reached XP level 1. HP: 18/18 MP: 1/1
    10 | D        | Reached skill level 4 in Shields
    32 | D        | Noticed Jessica
    35 | D        | Killed Jessica
    35 | D        | Reached skill level 6 in Shields
    35 | D        | Reached XP level 2. HP: 2/24 MP: 2/2
    35 | D        | Reached XP level 3. HP: 3/29 MP: 3/3
   320 | D        | Killed a five-headed hydra
   363 | D        | Reached skill level 5 in Long Blades
   363 | D        | Reached skill level 7 in Shields
   363 | D        | Reached XP level 4. HP: 5/35 MP: 4/4
   666 | D        | Noticed a water elemental
   671 | D        | Killed a water elemental
   671 | D        | Reached skill level 8 in Shields
   671 | D        | Reached XP level 5. HP: 41/41 MP: 5/5
   677 | D        | Found a radiant altar of Vehumet.
   677 | D        | Found a shimmering blue altar of Sif Muna.
   677 | D        | Found an ancient bone altar of Kikubaaqudgha.
   680 | D        | Reached skill level 9 in Shields
   716 | D        | Reached skill level 10 in Shields
   716 | D        | Reached XP level 6. HP: 41/47 MP: 6/6
   718 | D        | Noticed a shadow
   726 | D        | Killed a shadow
   726 | D        | Reached skill level 11 in Shields
   804 | D        | Found a blossoming altar of Fedhas.
   804 | D        | Found a stormy altar of Qazlal.
   804 | D        | Found a snail-covered altar of Cheibriados.
   804 | D        | Found a burning altar of Makhleb.
   804 | D        | Found a shimmering altar of Xom.
   804 | D        | Noticed a spatial vortex
   805 | D        | Found a hazy altar of Hepliaklqana.
   805 | D        | Found an opulent altar of Gozag.
   805 | D        | Found a sparkling altar of Nemelex Xobeh.
   805 | D        | Found a corrupted altar of Lugonu.
   805 | D        | Found a viscous altar of Jiyva.
   810 | D        | Became a worshipper of Qazlal Stormbringer
   828 | D        | Killed a spatial vortex
   828 | D        | Reached skill level 10 in Long Blades
   828 | D        | Reached skill level 12 in Shields
   828 | D        | Reached XP level 7. HP: 52/52 MP: 7/7
   929 | D        | Found a basalt altar of Yredelemnul.
   929 | D        | Found a shadowy altar of Dithmenos.
   929 | D        | Found a sacrificial altar of Ru.
   940 | D        | Reached * piety under Qazlal
  1025 | D        | Noticed a human
  1025 | D        | Noticed a human
  1049 | D        | Killed a human
  1049 | D        | Reached skill level 13 in Shields
  1049 | D        | Reached XP level 8. HP: 17/58 MP: 9/11
  1053 | D        | Killed a human
  1053 | D        | Reached skill level 5 in Invocations
  1058 | D        | Found a hide-covered altar of Uskayaw.
  1058 | D        | Found an iron altar of Okawaru.
  1059 | D        | Found a roughly hewn altar of Beogh.
  1059 | D        | Found a bloodstained altar of Trog.
  1059 | D        | Found an ornate altar of the Wu Jian Council.
  1061 | D        | Found a glowing silver altar of Zin.
  1061 | D        | Found a glowing golden altar of the Shining One.
  1061 | D        | Found a white marble altar of Elyvilon.
  1061 | D        | Noticed a deep elf mage
  1066 | D        | Killed a deep elf mage
  1066 | D        | Reached ** piety under Qazlal
  1066 | D        | Reached skill level 14 in Shields
  1300 | D        | Mangled by a two-headed ogre

Illustrated notes

Levels and vault maps discovered:
D:        dungeon_sprint_mu [sprint_mu_entry_cave, sprint_mu_temple_rooms,
          sprint_mu_d1_spiders, sprint_mu_d2_genie, sprint_mu_d3_branching,
          sprint_mu_orc_legion, sprint_mu_elf_gauntlet, sprint_mu_hive_nellie,
          sprint_mu_lair_fedhas, sprint_mu_vaults_butterflies,
          sprint_mu_slime_circle, sprint_mu_swamp_cave, sprint_mu_snake_twists,
          sprint_mu_blade_basic, sprint_mu_crypt_chambers,
          sprint_mu_tomb_spiral, sprint_mu_vestibule_basic,
          sprint_mu_gehenna_hellfire, sprint_mu_dis_giant,
          sprint_mu_tartarus_statrot, sprint_mu_cocytus_islands, sprint_mu_zot1]

Skill      XL: |  1  2  3  4  5  6  7  8 |
---------------+-------------------------+-----
Long Blades    | 4 5 6 8 10 11 12 | 12.1
Shields        | 6 7 8 10 12 13 14 | 14.3
Invocations    | 4 7 |  7.6
Fighting       | |  3.6
Armour         | |  3.5
Dodging        | |  0.6

Action                   |  1- 3 |  4- 6 |  7- 9 || total
-------------------------+-------+-------+-------++-------
Melee: Long sword        |    35 |    30 |    49 ||   114
  Use: Potion            |       |     1 |     3 ||     4
Armor: Scale mail        |    11 |     3 |     1 ||    15
Dodge: Dodged            |     8 |     7 |    10 ||    25
Block: Kite shield       |    11 |    13 |    21 ||    45
       Rpst.: Long sword |     2 |     4 |     2 ||     8

Table legend: (Time is in decaauts)
 A = Elapsed time spent in this place.
 B = Non-inter-level travel time spent in this place.
 C = Inter-level travel time spent in this place.
 D = Time resting spent in this place.
 E = Time spent auto-exploring this place.
 F = Levels seen in this place.
 G = Mean time per level.
                   A        B        C        D        E       F      G
               +--------+--------+--------+--------+--------+-----+--------+
         Total |   1300 |   1300 |      0 |    970 |      0 |   1 | 1300.0 |
       Dungeon |   1300 |   1300 |      0 |    970 |      0 |   1 | 1300.0 |
               +--------+--------+--------+--------+--------+-----+--------+

Top non-repeatable levels by time:
       D: 1300 daAuts
